 Dungeon Crawl Stone Soup version 0.27-a0-585-g945025970d (webtiles) character file.

Game seed: 2064190105628782899

9408 Bapho the Fighter (level 11, 0/80 (81) HPs)
             Began as an Octopode Hedge Wizard on Mar 10, 2021.
             Was a Believer of Vehumet.
             Slain by an eight-headed hydra (12 damage)
             ... on level 1 of the Lair of Beasts.
             The game lasted 00:32:25 (18003 turns).

Bapho the Fighter (Octopode Hedge Wizard)          Turns: 18003, Time: 00:32:26

HP:   0/80 (81)     AC:  3    Str:  9    XL:     11   Next: 46%
MP:   23/23         EV: 15    Int: 19    God:    Vehumet [**....]
Gold: 532           SH:  0    Dex: 13    Spells: 12/27 levels left

rFire    . . .     SeeInvis .   l - +2 dagger (elec)
rCold    . . .     Faith    .   (no shield)
rNeg     . . .     Spirit   .   I - +2 hat
rPois    .         Reflect  .   (no amulet)
rElec    .         Harm     .   o - ring of flight
rCorr    .         Rampage  .   (no ring)
Will     .....                  (no ring)
Stlth    +++.......             (no ring)
HPRegen  0.23/turn              (no ring)
MPRegen  0.18/turn              (no ring)
                                (no ring)
                                (no ring)

@: lightly drained
A: almost no armour, amphibious, 8 rings, constrict 8, camouflage 1, gelatinous
body 1, nimble swimmer 1
a: Renounce Religion, Evoke Flight


You were on level 1 of the Lair of Beasts.
You worshipped Vehumet.
Vehumet was pleased with you.
You visited 3 branches of the dungeon, and saw 14 of its levels.

You collected 532 gold pieces.

Inventory:

Hand Weapons
 a - a +0 dagger
 l - a +2 dagger of electrocution (weapon)
 y - the +8 dagger "Widowermaker" {speed, Str+4}
   (You found it on level 5 of the Dungeon)

   Attacks with this weapon are significantly faster.
   It affects your strength (+4).
Missiles
 c - 287 stones
Armour
 b - a +0 hat
 I - a +2 hat (worn)
Jewellery
 o - a ring of flight (left tentacle)
Wands
 z - a wand of charming (12)
 A - a wand of polymorph (10)
 D - a wand of mindburst (20)
 E - a wand of paralysis (5)
 F - a wand of acid (12)
 H - a wand of random effects (21)
Scrolls
 d - 4 scrolls of enchant weapon {unknown}
 e - 3 scrolls of enchant armour {unknown}
 f - 6 scrolls of teleportation
 h - 2 scrolls of magic mapping {unknown}
 i - a scroll of fog {unknown}
 r - a scroll of fear {unknown}
 w - 2 scrolls of blinking {unknown}
 x - a scroll of immolation {unknown}
 B - a scroll of summoning {unknown}
 C - a scroll of amnesia {unknown}
Potions
 g - a potion of resistance {unknown}
 j - a potion of attraction
 k - 3 potions of lignification
 m - 3 potions of mutation
 n - 2 potions of invisibility
 p - a potion of cancellation {unknown}
 q - 2 potions of degeneration {unknown}
 t - 2 potions of might
 u - 2 potions of brilliance
 v - a potion of magic {unknown}
 G - 2 potions of curing {unknown}


   Skills:
 - Level 10.1 Fighting
 + Level 5.3 Short Blades
 + Level 5.8 Dodging
 - Level 2.6 Stealth
 - Level 8.6 Spellcasting
 - Level 5.8 Conjurations
 - Level 1.9 Hexes
 - Level 2.2 Summonings
 - Level 2.3 Translocations
 - Level 3.3 Fire Magic
 - Level 3.6 Poison Magic


You had 12 spell levels left.
You knew the following spells:

 Your Spells              Type           Power      Damage    Failure   Level
a - Magic Dart            Conj           100%       1d8       1%          1
b - Blink                 Tloc           N/A        N/A       4%          2
c - Call Imp              Summ           16%        N/A       5%          2
d - Slow                  Hex            15%        N/A       6%          2
e - Conjure Flame         Conj/Fire      25%        6-21      3%          3
f - Mephitic Cloud        Conj/Pois/Air  20%        N/A       7%          3
g - Searing Ray           Conj           60%        3d5       1%          2

Your spell library contained the following spells:

 Spells                   Type           Power      Damage    Failure   Level


Dungeon Overview and Level Annotations

Branches:
Dungeon (11/15)            Temple (1/1) D:7            Lair (2/6) D:10
  Swamp: Lair:2-4    Shoals: Lair:2-4     Snake: Lair:2-4    Spider: Lair:2-4
    Orc: D:9-12

Altars:
Ashenzari
Cheibriados
Dithmenos
Elyvilon
Fedhas
Gozag
Hepliaklqana
Kikubaaqudgha
Makhleb
Nemelex Xobeh
Okawaru
Qazlal
Ru
Sif Muna
Trog
Uskayaw
Vehumet
Wu Jian
Xom
Yredelemnul
Zin
The Shining One

Annotations:
D:6 3 runed translucent doors, stripedtigrrr's ghost, novice OpDe


Innate Abilities, Weirdness & Mutations

You cannot wear most types of armour.
You are amphibious.
You can wear up to eight rings at the same time.
You can use your tentacles to constrict eight enemies at once.
Your skin changes colour to match your surroundings (Stealth+).
Your rubbery body absorbs attacks. (AC +1, EV +1)
You are stealthy while swimming. (Stealth+)


Message History

* * * LOW HITPOINT WARNING * * *
The eight-headed hydra misses you. The eight-headed hydra bites you!
* * * LOW HITPOINT WARNING * * *
Found a scroll of teleportation.
There is a stone staircase leading down here.
Casting: Call Imp (safe; 5% risk of failure)
Confirm with . or Enter, or press ? or * to list all spells.
You blink.
A water moccasin, a yak and a black bear come into view.
Found a stone staircase leading down.
A yak comes into view.
There is a stone staircase leading down here.
You climb downwards.
Found 11 stones and a leather armour.
There is a stone staircase leading up here.
You start resting.
Magic restored.
You start resting.
You start resting.
HP restored.
You climb upwards.
The yak bellows!
The black bear growls angrily.
The eight-headed hydra bites you. The eight-headed hydra bites you!
The eight-headed hydra barely misses you.
The eight-headed hydra bites you.
The eight-headed hydra bites you but does no damage.
The eight-headed hydra bites you!!
The eight-headed hydra closely misses you.
The eight-headed hydra bites you.
A yak comes into view.
The eight-headed hydra misses you.
The eight-headed hydra bites you but does no damage.
The eight-headed hydra bites you! x2
* * * LOW HITPOINT WARNING * * *
The eight-headed hydra closely misses you.
The eight-headed hydra bites you!
* * * LOW HITPOINT WARNING * * *
The eight-headed hydra barely misses you.
The eight-headed hydra bites you!
You die...

#.....#.####P#.##..#
#.#⌠.>.⌠..# #####
... #....D.##.# P#
###...##### ##.+##.#
##.....##
##..?⌠...###
##...D......#
#..⌠..@..⌠..#
#.....S.......#
........⌠.......
#.....h..........
#..⌠.....Y.....⌠.
.....#...⌠..##...
....##..Y..# ... ..
..Y...# ..


You could see an eight-headed hydra, 3 yaks, a water moccasin and a black bear.

Vanquished Creatures
  3 two-headed ogres
  3 death yaks
  Pikel (D:4)
  A cyclops (D:9)
  Psyche (D:9)
  2 trolls
  Prince Ribbit (D:7)
  5 yaks (D:9)
  A basilisk (D:11)
  3 orc warriors
  2 necrophages
  2 sky beasts
  4 ogres
  A centaur (D:9)
  2 lemures (D:4)
  A phantom (D:4)
  3 bullfrogs
  A wyvern zombie (D:10)
  A gnoll sergeant (D:4)
  2 scorpions
  8 wights
  4 electric eels (D:10)
  7 howler monkeys
  A bullfrog zombie (D:5)
  3 hounds
  10 orc priests
  2 bullfrog skeletons (D:5)
  A centaur skeleton (D:4)
  An iguana (D:7)
  5 worker ants
  5 orc wizards
  3 hell rats (D:10)
  2 hound skeletons
  A worker ant zombie (D:8)
  Robin (D:2)
  2 howler monkey skeletons
  6 gnolls
  12 adders
  A river rat (D:10)
  3 white imps
  An ufetubus (D:10)
  An ooze (D:1)
  2 adder skeletons
  5 worms
  3 dart slugs
  A leopard gecko (D:9)
  58 orcs
  5 giant cockroaches
  18 goblins
  12 hobgoblins
  6 jackals
  4 kobolds
  7 quokkas
  2 ball pythons
  4 bats
  A frilled lizard (D:2)
  A leopard gecko skeleton (D:4)
  A quokka skeleton (D:7)
  10 rats
260 creatures vanquished.

Vanquished Creatures (collateral kills)
  A bullfrog (D:9)
  A gnoll (D:6)
  2 orcs (D:7)
  A kobold (D:2)
  A rat (D:2)
6 creatures vanquished.

Vanquished Creatures (others)
  An orc (D:7)
  A hobgoblin (D:3)
  16 fungi
  15 plants
  4 toadstools (D:9)
37 creatures vanquished.

Grand Total: 303 creatures vanquished

Notes
Turn   | Place    | Note
-------+----------+-------------------------------------------
     0 | D:1      | Bapho the Octopode Hedge Wizard began the quest for the
                  | Orb.
     0 | D:1      | Reached XP level 1. HP: 11/11 MP: 4/4
   156 | D:1      | Reached skill level 1 in Fighting
   156 | D:1      | Reached XP level 2. HP: 18/18 MP: 3/6
   677 | D:1      | Reached XP level 3. HP: 23/23 MP: 0/7
  1126 | D:1      | Learned a level 2 spell: Blink
  1129 | D:1      | Learned a level 2 spell: Call Imp
  1132 | D:1      | Learned a level 2 spell: Slow
  1439 | D:2      | Reached XP level 4. HP: 22/29 MP: 4/9
  1582 | D:2      | Found a shimmering altar of Xom.
  1585 | D:2      | Found a hide-covered altar of Uskayaw.
  1590 | D:2      | Found a sacrificial altar of Ru.
  1788 | D:2      | Noticed Robin
  1804 | D:2      | Killed Robin
  1821 | D:2      | Reached skill level 1 in Hexes
  2271 | D:2      | Reached XP level 5. HP: 34/34 MP: 6/10
  2312 | D:2      | Learned a level 3 spell: Conjure Flame
  2320 | D:2      | Found an iron altar of Okawaru.
  2643 | D:3      | Found a sparkling altar of Nemelex Xobeh.
  2706 | D:3      | Found a stormy altar of Qazlal.
  3549 | D:3      | Found a shadowy altar of Dithmenos.
  3757 | D:3      | Reached skill level 2 in Fighting
  4524 | D:4      | Noticed a lemure
  4524 | D:4      | Noticed a lemure
  4525 | D:4      | Noticed a lemure
  4527 | D:4      | Noticed a lemure
  4529 | D:4      | Noticed Pikel
  4533 | D:4      | Killed a lemure
  4545 | D:4      | Killed a lemure
  4730 | D:4      | Killed Pikel
  4731 | D:4      | Reached skill level 4 in Fighting
  4731 | D:4      | Reached skill level 5 in Spellcasting
  4731 | D:4      | Reached XP level 6. HP: 16/43 MP: 8/13
  4731 | D:4      | Reached XP level 7. HP: 18/48 MP: 8/14
  5004 | D:4      | Learned a level 3 spell: Mephitic Cloud
  5362 | D:4      | Reached skill level 1 in Poison Magic
  5491 | D:4      | Reached XP level 8. HP: 21/54 MP: 10/16
  5859 | D:4      | Reached skill level 5 in Fighting
  6002 | D:4      | Found a bloodstained altar of Trog.
  6104 | D:4      | Found a glowing silver altar of Zin.
  6417 | D:5      | Entered Level 5 of the Dungeon
  6844 | D:5      | You fall into a shaft and drop 1 floor!
  7214 | D:5      | Identified the +8 dagger "Widowermaker" {speed, Str+4}
  7238 | D:5      | Reached skill level 1 in Fire Magic
  7813 | D:6      | Found a runed translucent gate.
  7813 | D:6      | Found a runed translucent gate.
  7813 | D:6      | Found a runed translucent gate.
  7813 | D:6      | Noticed stripedtigrrr's ghost (novice OpDe)
  8126 | D:6      | Reached XP level 9. HP: 46/61 MP: 7/17
  8532 | D:6      | Found an ancient bone altar of Kikubaaqudgha.
  8709 | D:7      | Reached skill level 5 in Conjurations
  9609 | D:7      | Noticed Prince Ribbit
  9616 | D:7      | Reached skill level 6 in Fighting
  9619 | D:7      | Killed Prince Ribbit
  9685 | D:7      | Reached skill level 7 in Fighting
 10103 | D:7      | Found a staircase to the Ecumenical Temple.
 10120 | Temple   | Entered the Ecumenical Temple
 10272 | Temple   | Became a worshipper of Vehumet
 11204 | D:8      | Found a white marble altar of Elyvilon.
 11558 | D:8      | Reached skill level 8 in Fighting
 11817 | D:8      | Found a basalt altar of Yredelemnul.
 12283 | D:9      | Found a blossoming altar of Fedhas.
 12318 | D:9      | Reached XP level 10. HP: 73/73 MP: 15/20
 12723 | D:9      | Noticed a two-headed ogre
 12751 | D:8      | Killed a two-headed ogre
 12752 | D:8      | Reached skill level 9 in Fighting
 13178 | D:9      | Reached * piety under Vehumet
 13178 | D:9      | Offered knowledge of Sandblast by Vehumet.
 13264 | D:9      | Noticed a two-headed ogre
 13278 | D:9      | Killed a two-headed ogre
 14321 | D:9      | Noticed a cyclops
 14339 | D:9      | Killed a cyclops
 14505 | D:9      | Reached skill level 10 in Fighting
 14737 | D:10     | Entered Level 10 of the Dungeon
 14740 | D:10     | Noticed Psyche
 14887 | D:9      | Killed Psyche
 14888 | D:9      | Reached skill level 1 in Short Blades
 15003 | D:10     | Noticed a two-headed ogre
 15014 | D:10     | Killed a two-headed ogre
 15015 | D:10     | Reached XP level 11. HP: 52/81 MP: 14/23
 15598 | D:10     | Found a staircase to the Lair.
 15599 | D:10     | Noticed a death yak
 15601 | D:10     | Noticed a death yak
 15602 | D:10     | Noticed a death yak
 15635 | D:9      | Killed a death yak
 15635 | D:9      | Offered knowledge of Searing Ray by Vehumet.
 15639 | D:9      | Learned a level 2 spell: Searing Ray
 15866 | D:10     | Reached ** piety under Vehumet
 16075 | D:10     | Reached skill level 5 in Dodging
 16129 | D:10     | Killed a death yak
 16344 | D:10     | Killed a death yak
 16345 | D:10     | Reached skill level 5 in Short Blades
 17199 | D:10     | Found a sacrificial altar of Ru.
 17310 | D:11     | Noticed a purple ugly thing
 17645 | Lair:1   | Entered Level 1 of the Lair of Beasts
 17670 | Lair:1   | Noticed an eight-headed hydra
 18003 | Lair:1   | Slain by an eight-headed hydra

Illustrated notes

Levels and vault maps discovered:
D:1:      minmay_arrival_five_plusses, layout_loops_ring
D:2:      layout_basic, grunt_temple_overflow_diamond,
          okawaru_ov_weapons_minmay, uniq_robin
D:3:      layout_loops_corners, lemuel_crystal_altar,
          nicolae_dithmenos_shadow_blocks, nicolae_qazlal_scattered_showers,
          lemuel_flame_loot_1
D:4:      layout_loops_corners, kennysheep_mini_moat,
          lemuel_coloured_pillars_altar, lightli_minifort, uniq_pikel
D:5:      layout_basic
D:6:      layout_basic, old_standard_altar, ebering_ghost_rock_garden
D:7:      layout_rooms, minmay_temple_entry_nine_rooms, serial_glass,
          glass_columns_a, glass_columns_c, glass_columns_c, glass_columns_a,
          glass_columns_b, glass_columns_a, glass_columns_a, glass_columns_b,
          due_unseen_surprise, minmay_strange_pillars, lemuel_old_faithful,
          uniq_prince_ribbit1
D:8:      layout_loops_ring, kennysheep_ying_yang, special_room
          [special_room_orc]
D:9:      layout_loops_corners, fedhas_altar_3, minmay_gold_behind_fungi
D:10:     layout_basic, dpeg_lair_monsters, nicolae_ru_the_path_less_chosen,
          uniq_psyche
D:11:     layout_basic, uniq_grum
Temple:   jpeg_temple_island
Lair:1:   layout_roguey, grunt_megastairs_3, serial_bayou_shore_b,
          lemuel_fruit_fields
Lair:2:   layout_roguey, st_stairs_7

Skill      XL: |  1  2  3  4  5  6  7  8  9 10 11 |
---------------+----------------------------------+-----
Fighting       | 1 4 5 8 10 | 10.1
Hexes          | 1 |  1.9
Conjurations   | 2 4 5 |  5.8
Summonings     | 2 |  2.2
Translocations | 2 |  2.3
Spellcasting   | 5 6 8 |  8.6
Poison Magic   | 2 3 |  3.6
Fire Magic     | 2 3 |  3.3
Short Blades   | 3 5 |  5.3
Dodging        | 3 5 |  5.8
Stealth        | |  2.6

Action                   |  1- 3 |  4- 6 |  7- 9 | 10-12 || total
-------------------------+-------+-------+-------+-------++-------
Melee: Dagger            |    34 |    66 |   217 |   136 ||   453
       Constrict         |    11 |    12 |    40 |    16 ||    79
       Tentacles         |     3 |    10 |    29 |    16 ||    58
 Cast: Magic Dart        |    52 |   104 |   322 |   163 ||   641
       Call Imp          |     1 |     3 |     4 |    26 ||    34
       Mephitic Cloud    |       |       |     9 |    19 ||    28
       Blink             |       |       |     1 |    15 ||    16
       Conjure Flame     |       |       |       |     2 ||     2
       Searing Ray       |       |       |       |     3 ||     3
  Use: Scroll            |       |       |     5 |     5 ||    10
       Potion            |       |       |     3 |     1 ||     4
 Stab: Distracted        |       |       |     1 |     1 ||     2
       Sleeping          |       |       |     1 |       ||     1
       Confused          |       |       |       |     1 ||     1
Armor: Skin              |     6 |     3 |     9 |     8 ||    26
Dodge: Dodged            |    16 |    20 |   100 |    76 ||   212

Table legend: (Time is in decaauts)
 A = Elapsed time spent in this place.
 B = Non-inter-level travel time spent in this place.
 C = Inter-level travel time spent in this place.
 D = Time resting spent in this place.
 E = Time spent auto-exploring this place.
 F = Levels seen in this place.
 G = Mean time per level.
                   A        B        C        D        E       F      G
               +--------+--------+--------+--------+--------+-----+--------+
         Total |  18007 |  17730 |    277 |   3063 |  12614 |  14 | 1286.2 |
       Dungeon |  17152 |  16892 |    260 |   2751 |  12124 |  11 | 1559.3 |
        Temple |    497 |    480 |     17 |      0 |    466 |   1 |  497.0 |
          Lair |    356 |    356 |      0 |    312 |     24 |   2 |  178.0 |
               +--------+--------+--------+--------+--------+-----+--------+

Top non-repeatable levels by time:
    D:10: 2374 daAuts
     D:9: 2226 daAuts
     D:8: 2173 daAuts
     D:3: 2081 daAuts
     D:4: 1797 daAuts
     D:7: 1638 daAuts
     D:2: 1363 daAuts
     D:5: 1229 daAuts
     D:1: 1174 daAuts
     D:6: 1058 daAuts
  Temple: 497 daAuts
  Lair:2: 313 daAuts
  Lair:1: 43 daAuts
    D:11: 35 daAuts
